Map: Eindringling LE

Players

AUKStoner - Winner!

  • Race: Terran Terran
  • Spawn Location: 5:00

Panda

  • Race: Zerg Zerg
  • League: Diamond
  • Spawn Location: 11:00

VOD

Have the link to the VOD?

Description

Time

  • Played on: Sept. 9, 2017, 4:09 p.m.
  • Length: 3:42
Show
View Real Time Build Order
Export as new Build Order

AUKStoner Terran - Winner!

Build Orders:  

Get SALT Encoding   

  12  0:01  SCV  
  13  0:13  SCV  
  14  0:25  Supply Depot, SCV  
  15  0:48  Barracks  
  16  0:54  Barracks  
  15  1:06  Barracks  
  15  1:10  SCV  
  16  1:22  SCV  
  17  1:25  Supply Depot  
  17  1:35  Marine  
  18  1:41  Marine  
  19  1:47  Bunker  
  19  1:53  Marine x2  
  21  1:59  Marine  
  20  2:11  Marine x2  
  18  2:17  Marine  
  19  2:28  Marine x2  
  17  2:35  Marine  
Show
View Real Time Build Order
Export as new Build Order

Panda Zerg 

Build Orders: Pool Only 

Get SALT Encoding   

  12  0:01  Drone  
  13  0:15  Extractor  
  12  0:24  Spawning Pool  
  11  0:29  Drone  
  11  0:33  Drone  
  13  0:38  Drone  
  14  0:47  Overlord  
  14  1:12  Zergling x6  
  14  1:15  Queen  
  19  1:22  Zergling x2  
  20  1:29  Metabolic Boost  
  20  1:34  Zergling x2  
  21  1:52  Overlord  
  20  2:10  Zergling x4  
  20  2:15  Spine Crawler  
  21  2:21  Zergling x2  
  22  2:28  Overlord  
  20  2:49  Zergling x4  
  21  2:52  Spine Crawler  
  18  3:04  Overlord  
  14  3:12  Zergling x2  
Tags
 
League
Diamond
Matchup
TvZ
Opening
Pool Only
Replay Pack
replays1
Spawn Locations
Cross Positions
Add a new tag
Caveats
  • Supply blocks, unpowered buildings, or Contaminate may cause inaccurate times.
  • Supply counts are checked every 10 seconds.